 Dungeon Crawl Stone Soup version 0.28-a0-249-g9004c80361 (webtiles) character file.

Game seed: 5800438812234427148

3328 Malachi the Transmogrifier (level 9, -3/67 HPs)
             Began as a Vampire Transmuter on Aug 26, 2021.
             Was a Follower of Ashenzari.
             Succumbed to a scorpion's poison
             ... on level 8 of the Dungeon.
             The game lasted 00:16:25 (9339 turns).

Malachi the Transmogrifier (Vampire Transmuter)     Turns: 9339, Time: 00:16:25

Health: -3/67      AC:  2    Str:  9    XL:     9   Next: 71%
Magic:  11/12      EV: 24    Int: 18    God:    Ashenzari [*.....]
Gold:   385        SH:  0    Dex: 20    Spells: 4/12 levels left

rFire   . . .      SeeInvis +     - Unarmed
rCold   . . .      Faith    .   (shield currently unavailable)
rNeg    . . .      Spirit   .   (armour currently unavailable)
rPois   x          Reflect  .   (helmet currently unavailable)
rElec   .          Harm     .   (cloak currently unavailable)
rCorr   .          Rampage  .   (gloves currently unavailable)
Will    .....                   (boots currently unavailable)
Stlth   ++........              (no amulet)
HPRegen 0.41/turn               (no ring)
MPRegen 0.13/turn               (no ring)

@: lethally poisoned (-3 -> -30), spider-form, healing quickly
A: venomous fangs, alive, tiny, (fangs 3), see invisible, vampiric 2
a: Exsanguinate, End Transformation, Renounce Religion, Curse Item, Shatter the
Chains


You were on level 8 of the Dungeon.
You worshipped Ashenzari.
Ashenzari was aware of your devotion.
You were a venomous arachnid creature.
You visited 2 branches of the dungeon, and saw 9 of its levels.

You collected 385 gold pieces.

Inventory:

Hand Weapons
 d - a +1 dagger of venom
 i - a +5 flail of protection
 m - a +4 vorpal dagger
Missiles
 n - 24 poisoned darts
Armour
 a - a +0 robe (melded)
 g - the cursed +0 buckler "Chained With Me" (melded) {Cun, Fort}
   (You found it on level 2 of the Dungeon)

   It has a curse which improves the following skills: Cunning: Dodging and
   Stealth.
   Fortitude: Armour and Shields.
 l - the cursed +0 pair of boots "Omen of the Sky" (melded) {Cun, Evo}
   (You found it on level 3 of the Dungeon)

   It has a curse which improves the following skills: Cunning: Dodging and
   Stealth.
   Evocations: Evocations.
 z - a +2 pair of boots
Magical Staves
 k - a staff of poison (melded)
Wands
 o - a wand of iceblast (16)
 s - a wand of digging (7)
 v - a wand of charming (11)
Scrolls
 e - a scroll of summoning
 f - a scroll of fog
 r - 6 scrolls of teleportation
 u - a scroll of enchant armour
 w - a scroll of amnesia
 y - a scroll of brand weapon
Potions
 b - a potion of curing
 c - a potion of cancellation
 h - 3 potions of lignification
 j - 4 potions of heal wounds
 p - a potion of magic
 q - 2 potions of berserk rage
 t - a potion of haste
 x - a potion of resistance


   Skills:
 + Level 4.9 Fighting
 + Level 6.4 Dodging
 * Level 3.6 Shields
 + Level 7.0 Unarmed Combat
 - Level 2.0 Spellcasting
 - Level 8.0 Transmutations
 - Level 5.0 Poison Magic


You had 4 spell levels left.
You knew the following spells:

 Your Spells              Type           Power      Damage    Failure   Level
a - Beastly Appendage     Tmut           60%        N/A       4%          1
b - Spider Form           Tmut/Pois      12%        N/A       12%         3
c - Ice Form              Ice/Tmut       16%        N/A       56%         4

Your spell library contained the following spells:

 Spells                   Type           Power      Damage    Failure   Level
 Wereblood                Tmut           30%        N/A       5%          2
 Summon Guardian Golem    Hex/Summ       1%         N/A       69%         3
 Orb of Destruction       Conj           0%         N/A       100%        7
 Spellforged Servitor     Conj/Summ      0%         N/A       100%        7


Dungeon Overview and Level Annotations

Branches:
Dungeon (8/15)             Temple (1/1) D:4
   Lair: D:8-11

Altars:
Ashenzari
Cheibriados
Elyvilon
Fedhas
Gozag
Hepliaklqana
Kikubaaqudgha
Makhleb
Qazlal
Ru
Sif Muna
Trog
Uskayaw
Vehumet
Wu Jian
Yredelemnul
Zin
The Shining One

Shops:
D:5 *

Annotations:
D:8 1 runed translucent door


Innate Abilities, Weirdness & Mutations

You are a venomous arachnid creature.
You have poisonous fangs.
You are tiny and dextrous.
Your spellcasting is less reliable in this form.
Your armour is entirely melded.
You are incapable of wielding weapons or throwing items.
Your natural rate of healing is accelerated.
((You have razor-sharp teeth.))
You have supernaturally acute eyesight. (SInv)
You are afflicted with vampirism and can become a bat while bloodless.


Message History

You barely miss the scorpion. You block the scorpion's attack.
The scorpion stings you!
Casting: Spider Form (dangerous; 3% risk of failure)
Confirm with . or Enter, or press ? or * to list all spells.
You feel a surge of power!
You turn into a venomous arachnid creature.
Your staff of poison melds into your body.
The cursed +0 pair of boots "Omen of the Sky" {Cun, Evo} melds into your body.
The cursed +0 buckler "Chained With Me" {Cun, Fort} melds into your body.
Your +0 robe melds into your body.
Unknown command.
You hit the scorpion.
The scorpion is poisoned.
The scorpion is lightly wounded.
The scorpion stings you.
You are poisoned.
The scorpion poisons you! The scorpion stings you!
You are more poisoned.
The scorpion poisons you!
You feel extremely sick.
A scorpion comes into view.
You feel very sick. The scorpion misses you.
You feel very sick.
You feel very sick.
You kill the scorpion!
Your Unarmed Combat skill increases to level 7!
You feel very sick.
You feel very sick.
You feel sick.
Found 12 stones.
You feel sick.
You feel sick.
The giant cockroach waves its antennae.
You feel sick. 2 giant cockroaches and 2 scorpions come into view.
You feel sick.
You feel sick. The scorpion stings you!
* * * LOW HITPOINT WARNING * * *
You are lethally poisoned!
The scorpion poisons you!
You die...

...#.##.####..#.
.....##.#.......
.....##.........
.....##.........
......#......#..
.........#.#########+########
.........#.##...............#
........##.##...............#
............#..(s#######....#
........#...#....#!..b.#....#
........#...#...s+..!.b'....#
..........###...B#BssB.#....#
....##.....##...s#######....#
.... #.#....#......Bs.B.....#
... ######.#....s...s......#
#.########'########
#..........#


You could see 3 scorpions and 2 giant cockroaches.

Vanquished Creatures
  3 yaks (D:5)
  2 water moccasins
  3 ice beasts
  2 orc warriors (D:7)
  A black bear (D:3)
  A necrophage (D:5)
  An ogre (D:5)
  2 centaurs
  A kobold brigand (D:8)
  2 bullfrogs
  6 scorpions
  8 wights
  A howler monkey (D:7)
  3 centaur zombies (D:8)
  A bullfrog zombie (D:6)
  A jelly (D:2)
  2 orc priests
  2 centaur skeletons (D:6)
  2 gnoll shamans
  4 hounds
  3 orc wizards
  4 iguanas
  Terence (D:2)
  A hound skeleton (D:4)
  A howler monkey zombie (D:8)
  2 adders
  9 gnolls
  A howler monkey skeleton (D:7)
  A white imp (D:5)
  3 worms
  2 dart slugs
  12 orcs
  7 endoplasms
  2 giant cockroaches
  4 hobgoblins
  15 kobolds
  2 quokkas (D:1)
  7 ball pythons
  5 bats (D:1)
  2 frilled lizards
  3 goblins
  2 rats (D:1)
137 creatures vanquished.

Vanquished Creatures (others)
  2 fungi (D:8)
  76 plants
78 creatures vanquished.

Grand Total: 215 creatures vanquished

Notes
Turn   | Place    | Note
-------+----------+-------------------------------------------
     0 | D:1      | Malachi the Vampire Transmuter began the quest for the Orb.
     0 | D:1      | Reached XP level 1. HP: 14/14 MP: 3/3
   249 | D:1      | Found a faded altar of an unknown god.
   289 | D:1      | Reached skill level 1 in Poison Magic
   289 | D:1      | Reached XP level 2. HP: 11/20 MP: 3/5
   583 | D:1      | Reached skill level 3 in Transmutations
  1121 | D:2      | Found a burning altar of Makhleb.
  1126 | D:2      | Gained mutation: You are afflicted with vampirism and can
                  | become a bat while bloodless. [Vampire growth]
  1126 | D:2      | Reached XP level 3. HP: 21/25 MP: 6/6
  1292 | D:2      | Noticed Terence
  1435 | D:2      | Killed Terence
  1824 | D:2      | Reached XP level 4. HP: 11/31 MP: 7/7
  1906 | D:1      | Learned a level 3 spell: Spider Form
  2033 | D:2      | Reached skill level 4 in Transmutations
  2674 | D:3      | Noticed a black bear
  2687 | D:3      | Killed a black bear
  2688 | D:3      | Reached XP level 5. HP: 26/36 MP: 5/8
  3109 | D:4      | Reached skill level 5 in Transmutations
  3201 | D:4      | HP: 1/36 [poisoned by a scorpion]
  3215 | D:4      | Reached XP level 6. HP: 13/42 MP: 9/9
  4213 | D:4      | Found a staircase to the Ecumenical Temple.
  4233 | Temple   | Entered the Ecumenical Temple
  4497 | Temple   | Became a worshipper of Ashenzari the Shackled
  4978 | D:5      | Entered Level 5 of the Dungeon
  5016 | D:5      | Found a shimmering blue altar of Sif Muna.
  5024 | D:5      | Noticed an ice beast
  5042 | D:5      | Killed an ice beast
  5043 | D:5      | Reached skill level 1 in Fighting
  5043 | D:5      | Reached skill level 6 in Transmutations
  5043 | D:5      | Reached XP level 7. HP: 21/48 MP: 7/10
  5214 | D:5      | Noticed a yak
  5214 | D:5      | Noticed a yak
  5228 | D:5      | Noticed a yak
  5231 | D:5      | Killed a yak
  5251 | D:5      | Killed a yak
  5252 | D:5      | Reached skill level 5 in Poison Magic
  5285 | D:5      | Killed a yak
  5286 | D:5      | Reached skill level 7 in Transmutations
  5286 | D:5      | Reached XP level 8. HP: 30/56 MP: 7/11
  5427 | D:5      | Found a stormy altar of Qazlal.
  5506 | D:5      | Found Hungife's General Store.
  5578 | D:5      | Found an opulent altar of Gozag.
  6063 | D:5      | Identified the cursed +0 pair of boots "Omen of the Sky"
                  | {Cun, Evo} (You found it on level 3 of the Dungeon)
  6423 | D:6      | Found a radiant altar of Vehumet.
  6442 | D:6      | Reached skill level 5 in Unarmed Combat
  6484 | D:6      | Identified the +8 chain mail of the Lily {Dex+3}
  6521 | D:6      | Reached skill level 8 in Transmutations
  6595 | D:6      | Found a burning altar of Makhleb.
  6649 | D:6      | Reached skill level 5 in Dodging
  6880 | D:6      | Reached XP level 9. HP: 36/65 MP: 12/12
  7230 | D:6      | Found an ornate altar of the Wu Jian Council.
  7604 | D:7      | Reached * piety under Ashenzari
  7694 | D:7      | Reached skill level 1 in Shields
  7708 | D:7      | Identified the cursed +0 buckler "Chained With Me" {Cun,
                  | Fort} (You found it on level 2 of the Dungeon)
  8124 | D:7      | Found a blossoming altar of Fedhas.
  8370 | D:7      | Learned a level 4 spell: Ice Form
  9311 | D:8      | Found a runed translucent door.
  9313 | D:8      | Found a runed translucent door.
  9338 | D:8      | HP: 3/67 [scorpion (8)]
  9339 | D:8      | Succumbed to a scorpion's poison

Illustrated notes

Levels and vault maps discovered:
D:1:      wander_arrival_fairy_ring, layout_basic, shapermc_ecumenical_altar_gd
D:2:      layout_rooms, basic_altar, uniq_terence
D:3:      layout_basic
D:4:      layout_loops_ring, minmay_temple_entry_proselytizer, serial_forest,
          infiniplex_forest_lined_ring, infiniplex_forest_corner_1,
          infiniplex_forest_straight_4, infiniplex_forest_end_double,
          infiniplex_forest_end_double, infiniplex_forest_fountain,
          infiniplex_forest_zigzag_1, infiniplex_forest_straight_3
D:5:      layout_loops_ring, nicolae_gozag_cash_rules_everything_around_me,
          mainiacjoe_overflow_chevrons, amcnicky_altar_gilded, serial_shops,
          nicolae_shop_statue_plus, kennysheep_boxes
D:6:      nicolae_whirlpool, layout_rooms, lemuel_crystal_altar,
          nicolae_overflow_hidden_temple, kennysheep_mini_moat, st_stairs_9,
          roderic_malta_cross
D:7:      layout_basic, nicolae_overflow_crystal_walls
D:8:      lemuel_insect_pit, layout_cave_pools, dpeg_oklobed_lair,
          grunt_ministairs_2, uniq_psyche, uniq_pikel
Temple:   minmay_temple_curvy_loop

Skill      XL: |  1  2  3  4  5  6  7  8  9 |
---------------+----------------------------+-----
Poison Magic   | 1 2 3 4 5 |  5.0
Transmutations | 3 4 5 6 7 8 |  8.0
Fighting       | 1 2 3 4 |  4.9
Dodging        | 3 5 6 |  6.4
Unarmed Combat | 4 5 7 |  7.0
Shields        | 3 |  3.6
Spellcasting   | |  2.0

Action                   |  1- 3 |  4- 6 |  7- 9 || total
-------------------------+-------+-------+-------++-------
Melee: Unarmed           |    59 |    16 |   349 ||   424
       Kick              |    16 |     1 |       ||    17
       Bite              |     7 |    11 |     1 ||    19
       Headbutt          |    10 |     1 |       ||    11
       Dagger            |    34 |   161 |       ||   195
       Punch             |     2 |     2 |       ||     4
       Staff             |       |       |     7 ||     7
 Cast: Beastly Appendage |    21 |     2 |       ||    23
       Spider Form       |       |     2 |    34 ||    36
Invok: Curse Item        |       |       |     2 ||     2
Evoke: Wand              |       |       |     5 ||     5
  Use: Scroll            |       |     5 |       ||     5
       Potion            |       |     1 |     1 ||     2
 Stab: Sleeping          |     1 |     1 |       ||     2
Armor: Robe              |    20 |    27 |       ||    47
       Skin              |       |       |    15 ||    15
Dodge: Dodged            |    47 |   120 |   339 ||   506
Block: Buckler           |       |       |     3 ||     3

Table legend: (Time is in decaauts)
 A = Elapsed time spent in this place.
 B = Non-inter-level travel time spent in this place.
 C = Inter-level travel time spent in this place.
 D = Time resting spent in this place.
 E = Time spent auto-exploring this place.
 F = Levels seen in this place.
 G = Mean time per level.
                   A        B        C        D        E       F      G
               +--------+--------+--------+--------+--------+-----+--------+
         Total |   9317 |   8989 |    328 |   2233 |   4708 |   9 | 1035.2 |
       Dungeon |   9032 |   8731 |    301 |   2233 |   4458 |   8 | 1129.0 |
        Temple |    284 |    257 |     27 |      0 |    250 |   1 |  284.0 |
               +--------+--------+--------+--------+--------+-----+--------+

Top non-repeatable levels by time:
     D:4: 1628 daAuts
     D:5: 1389 daAuts
     D:2: 1230 daAuts
     D:6: 1222 daAuts
     D:1: 1170 daAuts
     D:8: 952 daAuts
     D:7: 779 daAuts
     D:3: 659 daAuts
  Temple: 284 daAuts
